 Dungeon Crawl Stone Soup version 0.28-a0-1395-g4f6bc678fa (webtiles) character file.

Game seed: 16284048704634805559

18 fragbeetle the Grave Robber (level 2, -1/20 HPs)
             Began as a Ghoul Necromancer on Jan 5, 2022.
             Slain by a hound (4 damage)
             ... on level 2 of the Dungeon.
             The game lasted 00:02:45 (1271 turns).

fragbeetle the Grave Robber (Ghoul Necromancer)     Turns: 1271, Time: 00:02:45

Health: -1/20      AC:  2    Str: 11    XL:     2   Next: 66%
Magic:  1/4        EV: 12    Int: 10    God:
Gold:   17         SH:  0    Dex:  9    Spells: 3/5 levels left

rFire   . . .      SeeInvis .   (no weapon)
rCold   + . .      Faith    .   (no shield)
rNeg    + + +      Spirit   .   a - +0 robe
rPois   ∞          Reflect  .   (no helmet)
rElec   .          Harm     .   (no cloak)
rCorr   .          Rampage  .   (no gloves)
Will    .....                   (no boots)
Stlth   ++........              (no amulet)
HPRegen 0.00/turn               (no ring)
MPRegen 0.09/turn               (no ring)

@: inhibited regen
A: claws 1, cold resistance 1, negative energy resistance 3, inhibited
regeneration, torment resistance 2
a: no special abilities


You were on level 2 of the Dungeon.
You visited 1 branch of the dungeon, and saw 2 of its levels.

You collected 17 gold pieces.

Inventory:

Hand Weapons
 c - a +0 hunting sling
 i - a +0 dagger
Missiles
 d - 2 atropa-tipped darts
 e - 20 stones
Armour
 a - a +0 robe (worn)
Scrolls
 b - a scroll of enchant weapon {unknown}
 f - 2 scrolls of identify {unknown}
 h - a scroll of teleportation {unknown}
Potions
 g - a potion of haste {unknown}
 j - a potion of heal wounds {unknown}


   Skills:
 + Level 2.1 Dodging
 + Level 2.6 Stealth
 + Level 2.0 Spellcasting
 + Level 4.1 Necromancy


You had 3 spell levels left.
You knew the following spells:

 Your Spells              Type           Power      Damage    Failure   Level
a - Pain                  Necr           36%        1d5       5%          1
b - Animate Skeleton      Necr           18%        N/A       5%          1

Your spell library contained the following spells:

 Spells                   Type           Power      Damage    Failure   Level
 Vampiric Draining        Necr           9%         2d6       17%         3
 Animate Dead             Necr           4%         N/A       50%         4
 Agony                    Necr           9%         N/A       83%         5


Dungeon Overview and Level Annotations

Branches:
Dungeon (1/15)

Altars:


Innate Abilities, Weirdness & Mutations

You thrive by killing the living.
You are immune to poison.
You have sharp fingernails.
Your flesh is cold resistant. (rC+)
You are immune to negative energy. (rN+++)
You do not regenerate when monsters are visible.
You are immune to unholy pain and torment.


Message History

The jackal closely misses you. The jackal barely misses you.
You barely miss the jackal.
The jackal is severely wounded.
The jackal bites you.
You scratch the jackal.
You kill the jackal!
You feel better.
A hound comes into view.
You scratch the hound but do no damage. The hound closely misses you.
Casting: Pain (safe; 5% risk of failure)
Confirm with . or Enter, or press ? or * to list all spells.
Aiming: Pain (safe; 5% risk of failure)
Press: ? - help, Shift-Dir - straight line, f - hound
Aim: a hound (chance to affect: 69%)
The hound writhes in agony.
The hound barely misses you. x2
You scratch the hound.
The hound is heavily wounded.
The hound barely misses you.
You scratch the hound but do no damage.
The hound is heavily wounded.
The hound bites you. The hound closely misses you.
You barely miss the hound.
The hound is heavily wounded.
The hound barely misses you. The quokka bites you.
You scratch the hound.
The hound is severely wounded.
The hound closely misses you. The quokka completely misses you.
The hound bites you.
* * * LOW HITPOINT WARNING * * *
You scratch the hound.
The hound is almost dead.
The quokka barely misses you. The hound barely misses you.
The quokka twitches its whiskers.
The quokka closely misses you.
You closely miss the hound.
The hound is almost dead.
The hound bites you.
* * * LOW HITPOINT WARNING * * *
The hound bites you.
You die...

≈≈..≈..≈..≈..≈≈#
≈≈≈..≈..≈≈...≈#
#.≈..≈.......#
#..≈≈........#
#.....[..$...##
..............#
#####..#######
#r## #@# #h# #..
####


You could see a hound and a quokka.

Vanquished Creatures
  A dart slug (D:1)
  A ball python (D:1)
  An endoplasm (D:1)
  A giant cockroach (D:1)
  2 goblins (D:1)
  3 hobgoblins (D:1)
  A jackal (D:2)
  A quokka (D:1)
  A frilled lizard (D:1)
  A rat (D:1)
13 creatures vanquished.

Notes
Turn   | Place    | Note
-------+----------+-------------------------------------------
     0 | D:1      | fragbeetle the Ghoul Necromancer began the quest for the
                  | Orb.
     0 | D:1      | Reached XP level 1. HP: 14/14 MP: 2/2
   392 | D:1      | Learned a level 1 spell: Animate Skeleton
   450 | D:1      | Reached XP level 2. HP: 4/20 MP: 0/3
  1251 | D:1      | You fall into a shaft and drop 1 floor!
  1271 | D:2      | Slain by a hound

Illustrated notes

Levels and vault maps discovered:
D:1:      sevenhm_arrival_forest_fort_small_6, layout_basic
D:2:      cheibrodos_helix_gallery, layout_basic,
          hellmonk_ecumenical_altar_lost_god

Skill      XL: |  1  2 |
---------------+-------+-----
Dodging        | 2 |  2.1
Spellcasting   | 2 |  2.0
Stealth        | |  2.6
Necromancy     | |  4.1

Action                   || total
-------------------------++-------
Melee: Unarmed           ||    56
 Cast: Pain              ||    17
       Animate Skeleton  ||     1
Armor: Robe              ||    10
Dodge: Dodged            ||    43

Table legend: (Time is in decaauts)
 A = Elapsed time spent in this place.
 B = Non-inter-level travel time spent in this place.
 C = Inter-level travel time spent in this place.
 D = Time resting spent in this place.
 E = Time spent auto-exploring this place.
 F = Levels seen in this place.
 G = Mean time per level.
                   A        B        C        D        E       F      G
               +--------+--------+--------+--------+--------+-----+--------+
         Total |   1270 |   1270 |      0 |    837 |    239 |   2 |  635.0 |
       Dungeon |   1270 |   1270 |      0 |    837 |    239 |   2 |  635.0 |
               +--------+--------+--------+--------+--------+-----+--------+

Top non-repeatable levels by time:
     D:1: 1251 daAuts
     D:2: 19 daAuts
